 Dungeon Crawl Stone Soup version 0.32-a0-768-g0f6f1dd4b9 (webtiles) character file.

Game seed: 4967874108477094245

3672 Farquar the Gouger (level 9, -14/46 HPs)
             Began as a Felid Reaver on Mar 15, 2024.
             Was a Priest of Sif Muna.
             Demolished by a red ugly thing (15 damage)
             ... on level 7 of the Dungeon on Mar 18, 2024.
             The game lasted 00:42:26 (7663 turns).

Farquar the Gouger (Felid Reaver)                   Turns: 7663, Time: 00:42:26

Health: -14/46     AC:  6    Str:  8    XL:     9   Next: 89%
Magic:  12/17      EV: 18    Int: 25    God:    Sif Muna [***...]
Gold:   545        SH:  0    Dex: 17    Spells: 8/17 levels left
                                        Lives:  0   Deaths: 3

rFire   . .          .
                       - Unarmed
rCold   . . .        (shield unavailable)
rNeg    . . .        (body armour unavailable)
rPois   .            (helmet unavailable)
rElec   .            (cloak unavailable)
rCorr   .            (gloves unavailable)
SInv    +            (boots unavailable)
Will    +....        (no amulet)
Stlth   +++          c - +4 ring of protection
HPRegen 0.27/turn    u - +6 ring of intelligence
MPRegen 0.15/turn

%: no passive effects
@: no status effects
A: very small, claws 1, fangs 3, see invisible, shaggy fur 2, stealthy paws, no
weapons or thrown items, no armour, multi-lived
a: Renounce Religion, Channel Magic, Forget Spell


You were on level 7 of the Dungeon.
You worshipped Sif Muna.
Sif Muna was most pleased with you.
You visited 2 branches of the dungeon, and saw 8 of its levels.
You also visited: Sewer.

You collected 545 gold pieces.

Inventory:

Jewellery
 c - a +4 ring of protection (left paw)
 j - a ring of magical power
 u - a +6 ring of intelligence (right paw)
 y - a +6 ring of dexterity
Wands
 h - a wand of iceblast (4)
 q - a wand of charming (10)
Scrolls
 b - a scroll of butterflies
 d - 4 scrolls of teleportation
 e - a scroll of amnesia {unknown}
 g - a scroll of fog
 i - a scroll of blinking
 k - 4 scrolls of vulnerability
 l - 3 scrolls of poison {unknown}
 s - 2 scrolls of immolation {unknown}
 w - 2 scrolls of revelation
Potions
 a - 2 potions of curing
 f - 2 potions of haste
 m - a potion of attraction
 n - a potion of brilliance
 o - a potion of resistance
 p - a potion of ambrosia {unknown}
 r - a potion of invisibility
 t - a potion of mutation {unknown}
 v - a potion of might {unknown}
 x - a potion of enlightenment {unknown}
 z - a potion of lignification


   Skills:
 - Level 4.4 Fighting
 - Level 5.0 Dodging
 + Level 4.3 Stealth
 * Level 10.3 Unarmed Combat
 + Level 4.8 Spellcasting
 + Level 4.0 Conjurations
 - Level 3.1 Hexes
 - Level 3.7 Necromancy
 - Level 2.4 Translocations
 - Level 2.3 Invocations


You had 8 spell levels left.
You knew the following spells:

 Your Spells              Type           Power      Damage    Failure   Level
a - Kiss of Death         Conj/Necr      100%       2d13      1%          1
b - Momentum Strike       Conj/Tloc      44%        3d9       3%          2
c - Hailstorm             Conj/Ice       16%        3d6       11%         3
d - Confusing Touch       Hex            22%        N/A       7%          3

Your spell library contained the following spells:

 Spells                   Type           Power      Damage    Failure   Level
 Slow                     Hex            88%        N/A       2%          1
 Blink                    Tloc           36%        N/A       4%          2
 Lesser Beckoning         Tloc           36%        N/A       4%          2
 Vampiric Draining        Necr           24%        2d7       5%          3
 Inner Flame              Hex/Fire       14%        N/A       13%         3
 Volatile Blastmotes      Fire/Tloc      24%        2d12      16%         3
 Passwall                 Erth           6%         N/A       26%         3
 Irradiate                Conj/Alch      8%         3d14      71%         5
 Bombard                  Conj/Erth      8%         9d2       99%         6
 Ignition                 Fire           3%         3d4       100%        8


Dungeon Overview and Level Annotations

Branches:
Dungeon (7/15)             Temple (1/1) D:4           Sewer (visited)

Altars:
Ashenzari
Cheibriados
Dithmenos
Elyvilon
Gozag
Hepliaklqana
Kikubaaqudgha
Makhleb
Nemelex Xobeh
Okawaru
Qazlal
Sif Muna
Trog
Uskayaw
Vehumet
Wu Jian
Xom
Yredelemnul
Zin
The Shining One

Shops:
D:5 *

Annotations:
D:4 ghosts w/ wand, gold, Arkalis's ghost, amateur TrFi; Bediveer's ghost, novice DEHu; hecktor's ghost, amateur OpSh
D:6 exclusion: door


Innate Abilities, Weirdness & Mutations

You have sharp claws.
You have razor-sharp teeth.
You have supernaturally acute eyesight. (SInv)
You are covered in thick fur. (AC +2)
Your paws help you pounce on unaware monsters.
You are incapable of wielding weapons or throwing items.
You cannot wear armour.
You gain extra lives every three experience levels.


Message History

The gnoll barely misses you.
You claw the gnoll!
You kill the gnoll!
Sif Muna accepts your kill.
You can now freely open your mind to new spells.
Your Conjurations skill increases to level 4!
Found a chain mail.
You see here a +0 halberd.
Casting: Confusing Touch (dangerous; 7% risk of failure)
Confirm with . or Enter, or press ? or * to list all spells.
You can't see any susceptible monsters within range! (Use Z to cast anyway.)
Casting: Confusing Touch (dangerous; 7% risk of failure)
Confirm with . or Enter, or press ? or * to list all spells.
Casting: Hailstorm (dangerous; 11% risk of failure)
Press: ? - help, Dir - look around, f - activate A cannonade of hail descends around you!
The hail pelts the red ugly thing!
The red ugly thing is moderately wounded.
Unknown command.
Casting: Hailstorm (dangerous; 11% risk of failure)
Confirm with . or Enter, or press ? or * to list all spells.
Your paws begin to glow red.
You scratch the red ugly thing but do no damage.
The red ugly thing is moderately wounded.
The red ugly thing engulfs you but does no damage.
You scratch the red ugly thing but do no damage.
The red ugly thing is moderately wounded.
The red ugly thing engulfs you!
You are engulfed in flames!!
You completely miss the red ugly thing. Your bite misses the red ugly thing.
The red ugly thing is moderately wounded.
The red ugly thing closely misses you.
You scratch the red ugly thing but do no damage.
The red ugly thing appears confused.
The red ugly thing is moderately wounded.
You scratch the red ugly thing.
The red ugly thing is moderately wounded.
The red ugly thing engulfs you!
* * * LOW HITPOINT WARNING * * *
You are engulfed in flames!
You die...

......##.##...#
#.#...##.##...###
............)...#
................# #
#.#...##.##.....# .#
#.#...##.##.....###.##
...........(.........####
..................[......
#.##...#.##.....@......##
...............u.....$..#
#.###..#.##.....#.......#
#(###..#.##.....#.......#
...)...#.##.............#
#####....†).........##..#
# #..#.##.......... ...
#####........##.##..##
..........#.....


You could see a red ugly thing (confused).

Vanquished Creatures
  Pikel (D:7)
  Joseph (D:7)
  Maggie (D:7)
  Prince Ribbit (D:6)
  2 steam dragons (D:6)
  Duvessa (D:7)
  A sky beast (D:6)
  2 ogres (D:6)
  A lemure (D:7)
  A phantom (D:6)
  5 bullfrogs
  6 scorpions
  Dowan (D:7)
  3 howler monkeys
  4 hounds (D:6)
  A bombardier beetle (D:5)
  A jelly (D:3)
  A quasit (D:7)
  2 gnoll boudas
  An orc priest (D:6)
  2 iguanas
  3 orc wizards
  9 gnolls
  14 adders
  2 shadow imps (D:7)
  6 white imps
  10 ufetubi
  A ribbon worm (D:3)
  8 dart slugs
  29 orcs
  3 bats
  7 endoplasms
  8 giant cockroaches
  11 goblins
  8 hobgoblins
  8 jackals
  6 kobolds
  4 quokkas
  11 ball pythons
  14 frilled lizards
  4 rats
205 creatures vanquished.

Notes
Turn   | Place    | Note
-------+----------+-------------------------------------------
     0 | D:1      | Farquar the Felid Reaver began the quest for the Orb.
     0 | D:1      | Reached XP level 1. HP: 11/11 MP: 4/4
     0 | D:1      | +Sif +Ste +Evo
     0 | D:1      | +Conj Earth
   226 | D:1      | Reached XP level 2. HP: 15/15 MP: 6/6
   236 | D:1      | Learned a level 2 spell: Momentum Strike
   359 | D:1      | Reached skill level 1 in Stealth
   493 | D:1      | Reached XP level 3. HP: 16/18 MP: 7/7
  1024 | D:2      | Upgraded the game from 0.32-a0-711-g016ad743e0 to
                  | 0.32-a0-768-g0f6f1dd4b9
  1402 | D:2      | Reached XP level 4. HP: 20/23 MP: 6/9
  1402 | D:2      | Gained a life (2 lives remaining)
  2052 | D:3      | Reached XP level 5. HP: 10/27 MP: 8/10
  2146 | D:3      | Found a glowing drain.
  2155 | Sewer    | Entered a sewer
  2179 | Sewer    | Reached skill level 1 in Translocations
  2232 | Sewer    | Learned a level 3 spell: Hailstorm
  2508 | Sewer    | Gained mutation: You are covered in thick fur. (AC +2)
                  | [Felid growth]
  2508 | Sewer    | Reached XP level 6. HP: 27/32 MP: 8/11
  3272 | D:4      | Found a staircase to the Ecumenical Temple.
  3282 | Temple   | Entered the Ecumenical Temple
  3289 | Temple   | Became a worshipper of Sif Muna the Loreminder
  3314 | D:4      | Found a runed translucent gate.
  3329 | D:4      | Found a runed translucent gate.
  3330 | D:4      | Found a runed translucent gate.
  3331 | D:4      | Noticed Arkalis's ghost (amateur TrFi)
  3331 | D:4      | Noticed Bediveer's ghost (novice DEHu)
  3333 | D:4      | Noticed hecktor's ghost (amateur OpSh)
  3461 | D:4      | Reached skill level 4 in Unarmed Combat
  3657 | D:4      | Found a snail-covered altar of Cheibriados.
  4121 | D:5      | Entered Level 5 of the Dungeon
  4222 | D:5      | Found Noafoc's General Store.
  4238 | D:5      | Found a broken altar of Ashenzari.
  4260 | D:5      | Reached XP level 7. HP: 36/36 MP: 13/13
  4261 | D:5      | Found a radiant altar of Vehumet.
  4373 | D:5      | Reached * piety under Sif Muna
  4374 | D:5      | Reached skill level 5 in Dodging
  4841 | D:5      | Learned a level 3 spell: Confusing Touch
  4902 | D:5      | Reached skill level 5 in Unarmed Combat
  5011 | D:6      | Reached skill level 1 in Necromancy
  5198 | D:6      | Reached XP level 8. HP: 35/40 MP: 8/15
  5351 | D:6      | Noticed Prince Ribbit
  5362 | D:6      | Killed Prince Ribbit
  5363 | D:6      | Reached skill level 6 in Unarmed Combat
  5672 | D:6      | Reached skill level 7 in Unarmed Combat
  5745 | D:6      | Killed from afar by a steam dragon
  5745 | D:6      | Lost a life (1 life remaining)
  5872 | D:6      | Reached skill level 1 in Invocations
  5879 | D:6      | Reached ** piety under Sif Muna
  6011 | D:6      | HP: 1/42 [steam dragon/ball of steam (21)]
  6012 | D:6      | Engulfed by a steam dragon's steam
  6012 | D:6      | Lost a life (0 lives remaining)
  6050 | D:6      | Reached XP level 9. HP: 34/46 MP: 16/16
  6050 | D:6      | Gained a life (1 life remaining)
  6245 | D:7      | Found a white marble altar of Elyvilon.
  6246 | D:7      | Noticed Maggie
  6309 | D:7      | Killed Maggie
  6310 | D:7      | Reached skill level 8 in Unarmed Combat
  6638 | D:7      | Noticed Pikel
  6655 | D:7      | Killed Pikel
  6656 | D:7      | Reached skill level 9 in Unarmed Combat
  6880 | D:7      | Reached skill level 1 in Hexes
  6980 | D:7      | Noticed Joseph
  7005 | D:7      | Killed Joseph
  7006 | D:7      | Reached skill level 10 in Unarmed Combat
  7161 | D:7      | Noticed Dowan
  7164 | D:7      | Noticed Duvessa
  7170 | D:7      | Killed Duvessa
  7177 | D:7      | Killed Dowan
  7339 | D:7      | Found a basalt altar of Yredelemnul.
  7576 | D:7      | Noticed a red ugly thing
  7627 | D:7      | Slain by a red ugly thing
  7627 | D:7      | Lost a life (0 lives remaining)
  7647 | D:7      | Reached *** piety under Sif Muna
  7663 | D:7      | HP: 1/46 [red ugly thing (14)]
  7663 | D:7      | Demolished by a red ugly thing

Illustrated notes

#...#
#...#
#...#####.
#.........
#...>...
#.....
#...#
#.@.#
#...#
#####


Turn 0 on D:1: +Sif +Ste +Evo

Levels and vault maps discovered:
D:1:      amcnicky_arrival_blooded_trapdoor, layout_loops_cross, serial_forest,
          infiniplex_forest_lined_1, infiniplex_forest_lined_room_3,
          infiniplex_forest_clump_diagonal, infiniplex_forest_corner_1,
          infiniplex_forest_clump_long, infiniplex_forest_lined_3,
          infiniplex_forest_clump_tiny, infiniplex_forest_zigzag_2,
          minmay_close_crescents
D:2:      layout_basic
D:3:      layout_rooms, cheibrodos_sewer_entry_sluice
D:4:      layout_cave_pods, old_standard_altar, minmay_temple_entry_wispy,
          gammafunk_ghost_cemetery, chequers_decorated_corner
D:5:      layout_loops_ring, mainiacjoe_overflow_divided_tiny, serial_shops,
          nicolae_shop_tiny_statue_garden
D:6:      kennysheep_six_static_rooms, layout_cave_pools, serial_park,
          serial_park_square1 [serial_park_minivault_5x5_3], serial_park_gazebo
          [serial_park_minivault_5x5_2], serial_park_square3
          [serial_park_minivault_5x5_3], uniq_prince_ribbit1
D:7:      layout_basic, mainiacjoe_overflow_boulevard, amcnicky_altar_gilded,
          serial_demonic, serial_demonic_d, serial_demonic_e, serial_demonic_d,
          serial_demonic_f, serial_demonic_b, serial_demonic_a,
          serial_demonic_f, serial_demonic_g, uniq_duvessa, uniq_joseph,
          uniq_maggie, uniq_pikel
Temple:   nicolae_temple_no_exploring_needed

Skill      XL: |  1  2  3  4  5  6  7  8  9 |
---------------+----------------------------+-----
Dodging        | 3 4 5 |  5.0
Stealth        | 1 2 3 4 |  4.3
Fighting       | 3 4 |  4.4
Spellcasting   | 3 4 |  4.8
Translocations | 2 |  2.4
Conjurations   | 3 4 |  4.0
Unarmed Combat | 4 5 7 10 | 10.3
Necromancy     | 1 3 |  3.7
Invocations    | 1 2 |  2.3
Hexes          | 3 |  3.1

Action                     |  1- 3 |  4- 6 |  7- 9 || total
---------------------------+-------+-------+-------++-------
  Melee: Unarmed           |   104 |   291 |   356 ||   751
         Bite              |    11 |    32 |    34 ||    77
         Punch             |     3 |     4 |    14 ||    21
   Cast: Kiss of Death     |     2 |     3 |    10 ||    15
         Momentum Strike   |     4 |     8 |    20 ||    32
         Hailstorm         |       |       |     7 ||     7
         Confusing Touch   |       |       |     4 ||     4
  Evoke: Wand              |       |       |     4 ||     4
    Use: Potion            |       |     3 |     2 ||     5
         Scroll            |       |     7 |     4 ||    11
   Stab: Sleeping          |     4 |     6 |     1 ||    11
         Confused          |       |       |     1 ||     1
 Armour: Skin              |    31 |    86 |   145 ||   262
  Dodge: Dodged            |    74 |   253 |   331 ||   658

Table legend: (Time is in decaauts)
 A = Elapsed time spent in this place.
 B = Non-inter-level travel time spent in this place.
 C = Inter-level travel time spent in this place.
 D = Time resting spent in this place.
 E = Time spent auto-exploring this place.
 F = Levels seen in this place.
 G = Mean time per level.
                   A        B        C        D        E       F      G
               +--------+--------+--------+--------+--------+-----+--------+
         Total |   7677 |   7534 |    143 |   1582 |   3503 |   9 |  853.0 |
       Dungeon |   6996 |   6853 |    143 |   1437 |   3395 |   7 |  999.4 |
        Temple |     14 |     14 |      0 |      0 |      0 |   1 |   14.0 |
         Sewer |    666 |    666 |      0 |    145 |    107 |   1 |  666.0 |
               +--------+--------+--------+--------+--------+-----+--------+

Top non-repeatable levels by time:
     D:7: 1399 daAuts
     D:6: 1300 daAuts
     D:1: 1000 daAuts
     D:2: 934 daAuts
     D:4: 865 daAuts
     D:5: 792 daAuts
     D:3: 704 daAuts
   Sewer: 666 daAuts
  Temple: 14 daAuts
